 Dungeon Crawl Stone Soup version 0.28.0 (webtiles) character file.

Game seed: 4129306605428697503

158 bromine the Covered (level 5, -1/49 HPs)
             Began as a Deep Dwarf Fighter on Feb 12, 2022.
             Slain by an orc warrior (9 damage)
             ... on level 4 of the Dungeon.
             The game lasted 00:13:29 (3150 turns).

bromine the Covered (Deep Dwarf Fighter)            Turns: 3150, Time: 00:13:30

Health: -1/49      AC: 11    Str: 20    XL:     5   Next: 16%
Magic:  5/5        EV:  5    Int: 10    God:
Gold:   100        SH:  5    Dex: 12    Spells: 4/4 levels left

rFire   . . .      SeeInvis .   a - +0 war axe
rCold   . . .      Faith    .   c - +0 buckler
rNeg    . . .      Spirit   .   g - +0 plate armour
rPois   .          Reflect  .   (no helmet)
rElec   .          Harm     .   (no cloak)
rCorr   .          Rampage  .   (no gloves)
Will    .....                   (no boots)
Stlth   ..........              (no amulet)
HPRegen 0.00/turn               (no ring)
MPRegen 0.09/turn               (no ring)

@: mighty
A: damage resistance, heal wounds, sense surroundings 1, no regeneration
a: Heal Wounds


You were on level 4 of the Dungeon.
You visited 1 branch of the dungeon, and saw 4 of its levels.

You collected 100 gold pieces.

Inventory:

Hand Weapons
 a - a +0 war axe (weapon)
 f - a +0 spear
Armour
 b - a +0 scale mail
 c - a +0 buckler (worn)
 e - a +0 ring mail
 g - a +0 plate armour (worn)
Potions
 l - a potion of cancellation {unknown}
 m - a potion of haste


   Skills:
 + Level 3.5 Fighting
 + Level 3.8 Axes
 + Level 4.2 Armour
 + Level 0.4 Dodging
 + Level 4.0 Shields


You had 4 spell levels left.
You didn't know any spells.
Your spell library contained the following spells:

 Spells                   Type           Power      Damage    Failure   Level
 Slow                     Hex            0%         N/A       100%        1
 Blink                    Tloc           0%         N/A       100%        2
 Corpse Rot               Necr/Air       0%         N/A       100%        2
 Poisonous Vapours        Pois/Air       0%         N/A       100%        2
 Confusing Touch          Hex            0%         N/A       100%        3
 Vampiric Draining        Necr           0%         2d6       100%        3
 Manifold Assault         Tloc           0%         N/A       100%        5
 Storm Form               Tmut/Air       0%         N/A       100%        7


Dungeon Overview and Level Annotations

Branches:
Dungeon (4/15)
 Temple: D:4-7

Altars:
Sif Muna


Innate Abilities, Weirdness & Mutations

You are resistant to damage.
You can heal yourself by infusing magical energy.
You passively map a small area around you.
You do not regenerate.


Message History

You slash the gnoll!
You kill the gnoll!
You hit the gnoll. The gnoll hits you but does no damage.
The gnoll hits you with a +0 club.
You have reached level 5!
You closely miss the gnoll.
The gnoll is moderately wounded.
The gnoll hits you but does no damage.
You slice the gnoll!!
You kill the gnoll!
Found a robe.
Things that are here:
a +0 club; a gnoll corpse You start waiting.
A kobold comes into view. It is wielding a +0 short sword.
Found a stone staircase leading up.
You closely miss the kobold.
The kobold hits you but does no damage. x2
You slash the kobold!
You kill the kobold!
An orc warrior comes into view. It is wielding a +0 trident.
The orc warrior shouts!
You hear a shout! x2
You see here a +0 short sword.
Found 4 gold pieces.
You see here 14 gold pieces.
Found a robe. 2 orc wizards come into view.
The orc wizard shouts! x2
The orc warrior hits you but does no damage.
An orc comes into view. It is wielding a +0 hand axe.
The orc warrior hits you with a +0 trident.
* * * LOW HITPOINT WARNING * * *
The orc wizard mumbles some strange words.
The orc wizard flickers and vanishes!
Deactivating autopickup; reactivate with Ctrl-A.
An orc comes into view. It is wielding a +0 dagger.
You completely miss the orc warrior.
The orc wizard gestures at you while chanting.
You easily resist.
The orc warrior hits you with a +0 trident!
You die...

* *.# #..##.........##8.
* ...#...#......####*##
. #.##.....))..###** *
..###..!#...)......#, ,
.....##.##...)..##....
**
#...............#*.#...
......##........# ,.,..
.##..$.#..)..#....... .
,......o@..$.##........,
* #.{..................
#...........<........,
o.o.......[.......... ,
..o.................
..................,
..................
.................. ,


You could see an orc warrior, an orc wizard and 2 orcs.

Vanquished Creatures
  4 gnolls (D:4)
  2 adders (D:3)
  3 dart slugs
  2 worms
  5 orcs (D:3)
  8 ball pythons
  8 bats
  8 endoplasms
  A giant cockroach (D:3)
  5 goblins
  8 hobgoblins
  6 jackals
  2 quokkas (D:2)
  2 frilled lizards (D:1)
  4 kobolds
  11 rats
79 creatures vanquished.

Vanquished Creatures (others)
  2 demonic plants (D:1)
2 creatures vanquished.

Grand Total: 81 creatures vanquished

Notes
Turn   | Place    | Note
-------+----------+-------------------------------------------
     0 | D:1      | bromine the Deep Dwarf Fighter began the quest for the Orb.
     0 | D:1      | Reached XP level 1. HP: 20/20 MP: 1/1
   257 | D:1      | Reached XP level 2. HP: 28/28 MP: 2/2
   756 | D:1      | Reached XP level 3. HP: 26/34 MP: 3/3
   828 | D:1      | Found a faded altar of an unknown god.
  2379 | D:3      | Reached XP level 4. HP: 21/42 MP: 4/4
  3115 | D:4      | Found a shimmering blue altar of Sif Muna.
  3133 | D:4      | Reached XP level 5. HP: 12/49 MP: 5/5
  3144 | D:4      | Noticed an orc warrior
  3150 | D:4      | Slain by an orc warrior

Illustrated notes

Levels and vault maps discovered:
D:1:      minmay_arrival_semitransparent, layout_basic,
          dreamdust_ecumenical_altar_sealed_demon
D:2:      layout_basic, minmay_surrounded
D:3:      layout_rooms
D:4:      layout_rooms, nicolae_overflow_hidden_temple

Skill      XL: |  1  2  3  4 |
---------------+-------------+-----
Fighting       | 3 |  3.5
Axes           | 3 |  3.8
Armour         | 4 |  4.2
Shields        | 4 |  4.0
Dodging        | |  0.4

Action                   |  1- 3 |  4- 6 || total
-------------------------+-------+-------++-------
Melee: War axe           |   128 |    69 ||   197
  Use: Scroll            |     2 |     3 ||     5
       Potion            |     1 |     5 ||     6
Armor: Scale mail        |    31 |       ||    31
       Plate armour      |    66 |    73 ||   139
Dodge: Dodged            |    64 |    27 ||    91
Block: Buckler           |    35 |    27 ||    62
